 Dungeon Crawl Stone Soup version 0.31.0-9-g3a7656b989 (webtiles) character file.

Game seed: 10145113478585567963

47 qw the Shooter (level 3, 0/20 HPs)
             Began as a Deep Elf Hunter on Feb 2, 2024.
             Slain by a goblin
             ... wielding a +0 club
             ... led by Robin
              (2 damage)
             ... on level 2 of the Dungeon.
             The game lasted 00:00:03 (1151 turns).

qw the Shooter (Deep Elf Hunter)                    Turns: 1151, Time: 00:00:03

Health: 0/20       AC:  3    Str: 10    XL:     3   Next: 48%
Magic:  5/5        EV: 12    Int: 13    God:
Gold:   68         SH:  0    Dex: 18    Spells: 2/2 levels left

rFire   . . .        a - +0 shortbow
rCold   . . .        (shield currently unavailable)
rNeg    . . .        c - +0 leather armour
rPois   .            (no helmet)
rElec   .            (no cloak)
rCorr   .            (no gloves)
SInv    .            (no boots)
Will    .....        (no amulet)
Stlth   ++           (no ring)
HPRegen 0.23/turn    (no ring)
MPRegen 0.09/turn

%: no passive effects
@: no status effects
A: no striking features
a: no special abilities


You were on level 2 of the Dungeon.
You visited 1 branch of the dungeon, and saw 2 of its levels.

You collected 68 gold pieces.


   Skills:
 - Level 1.5 Fighting
 + Level 7.0 Ranged Weapons
 - Level 2.4 Dodging
 - Level 1.2 Stealth


You had 2 spell levels left.
You didn't know any spells.
Your spell library was empty.

Inventory:

Hand Weapons
 a - a +0 shortbow (weapon)
Armour
 c - a +0 leather armour (worn)
Scrolls
 d - a scroll of enchant weapon {unknown}
Potions
 b - a potion of attraction {unknown}
 h - 2 potions of curing

Dungeon Overview and Level Annotations

Branches:
Dungeon (2/15)

Altars:


Message History

You shoot an arrow. The arrow hits the goblin!
You kill the goblin!
Robin of the Strong Arm comes into view.
They are wielding a +0 falchion.
You shoot an arrow. The arrow hits Robin.
Robin is lightly wounded.
Robin roars a battlecry!
You shoot an arrow.
The arrow hits Robin but does no damage.
Robin is lightly wounded.
A goblin comes into view. It is wielding a +0 club.
You shoot an arrow. The arrow hits Robin.
Robin is heavily wounded.
A goblin comes into view. It is wielding a +0 club.
You shoot an arrow. The arrow closely misses Robin.
The arrow barely misses the goblin.
Robin throws the goblin at you! The goblin misses you.
You shoot an arrow. The arrow hits the goblin.
The goblin is severely wounded.
Robin throws the goblin at you! The goblin closely misses you.
The goblin barely misses you.
A goblin comes into view. It is wielding a +0 club.
Robin throws the goblin at you!
A goblin comes into view. It is wielding a +0 club.
The goblin hits you with a +0 club. The goblin barely misses you.
You shoot an arrow. The arrow closely misses the goblin.
The goblin closely misses you. The goblin hits you but does no damage.
The goblin closely misses you.
You shoot an arrow. The arrow hits Robin!
You kill Robin!
The goblin misses you. The goblin hits you with a +0 club. x2
Your Ranged Weapons skill increases to level 7!
You shoot an arrow.
The arrow hits the goblin but does no damage.
The goblin is moderately wounded.
The goblin closely misses you. The goblin barely misses you.
The goblin hits you but does no damage.
You shoot an arrow. The arrow hits the goblin.
You kill the goblin!
The goblin closely misses you. The goblin hits you with a +0 club. x2
You die...

#####.....<.# ##..
#.......# #..#
#.......# #...
#####.### #.#.
####.# #... .)..#
#... #..#######.
#..> #.g.g......
#... #..@# #...
#.)g####### #.##
#.......<.# #.##
##..#####.# #...
#..# #.# #### #..#
#.# # #.%# ##.##
#..####...#########
...................


You could see 3 goblins.

Vanquished Creatures
  Robin (D:2)
  A dart slug (D:1)
  3 bats (D:1)
  4 endoplasms
  2 giant cockroaches (D:1)
  4 goblins
  5 hobgoblins
  2 jackals
  2 kobolds (D:1)
  5 ball pythons
  A frilled lizard (D:1)
  A rat (D:1)
31 creatures vanquished.

Notes
Turn   | Place    | Note
-------+----------+-------------------------------------------
     0 | D:1      | qw the Deep Elf Hunter began the quest for the Orb.
     0 | D:1      | Reached XP level 1. HP: 12/12 MP: 3/3
     0 | D:1      | 0 ||| qw: Version: 0.3-a-155-g5e7d8dd
     0 | D:1      | 0 ||| qw: Game counter: 2459
     0 | D:1      | 0 ||| qw: Melee chars always use a shield: true
     0 | D:1      | 0 ||| qw: God list: Okawaru
     0 | D:1      | 0 ||| qw: Allow faded altars: false
     0 | D:1      | 0 ||| qw: Do Orc after clearing Dungeon:15 true
     0 | D:1      | 0 ||| qw: Do second Lair branch before Depths: true
     0 | D:1      | 0 ||| qw: Lair rune preference: random
     0 | D:1      | 0 ||| qw: Goals: Normal
     0 | D:1      | 0 ||| PLANNING D:1-11
   111 | D:1      | Reached XP level 2. HP: 16/16 MP: 4/4
   145 | D:1      | Reached skill level 6 in Ranged Weapons
   568 | D:1      | Found a faded altar of an unknown god.
   911 | D:1      | 911 ||| READING scroll labelled MIZXOG ZITIMN.
   943 | D:1      | 943 ||| READING scroll labelled PUTIYR PABLOIG.
   944 | D:1      | 944 ||| READING scroll labelled BUFREC WUXKI.
   945 | D:1      | 945 ||| READING scroll labelled QIROIR VIULE.
   950 | D:1      | 950 ||| READING 2 scrolls labelled HOH YGIWIRR.
   950 | D:1      | 950 ||| IDENTIFYING fizzy black potion
   951 | D:1      | 951 ||| READING scroll of identify.
   951 | D:1      | 951 ||| IDENTIFYING 2 metallic sapphire potions
   952 | D:1      | 952 ||| DROPPING scroll of butterflies.
   953 | D:1      | 953 ||| DROPPING potion of degeneration.
  1003 | D:2      | 1003 ||| STAIRDANCE
  1008 | D:1      | Reached XP level 3. HP: 20/20 MP: 5/5
  1142 | D:2      | Noticed Robin
  1149 | D:2      | Killed Robin
  1149 | D:2      | HP: 4/20 [goblin/+0 club[Robin] (6)]
  1150 | D:2      | Reached skill level 7 in Ranged Weapons
  1151 | D:2      | Slain by a goblin

Levels and vault maps discovered:
D:1:      dpeg_arrival_arbitrary_c, layout_basic,
          shapermc_ecumenical_altar_flowoftime
D:2:      layout_loops_ring, uniq_robin

Skill      XL: |  1  2  3 |
---------------+----------+-----
Ranged Weapons | 6 7 |  7.0
Fighting       | |  1.5
Dodging        | |  2.4
Stealth        | |  1.2

Action                     || total
---------------------------++-------
   Fire: Shortbow          ||    80
    Use: Scroll            ||     6
 Armour: Leather armour    ||    19
  Dodge: Dodged            ||    24

Table legend:
 A = Non-vault XP
 B = Vault XP
 C = Vault XP percentage of total XP
 D = Non-vault monster count
 E = Vault monster count
 F = Vault count percentage of total count
                 A         B        C        D         E       F
            +---------+---------+-------+---------+---------+-------
      Total |      47 |      22 |  31.9 |      26 |       5 |  16.1
            +---------+---------+-------+---------+---------+-------
        D:1 |      39 |       0 |   0.0 |      22 |       0 |   0.0
        D:2 |       8 |      22 |  73.3 |       4 |       5 |  55.6
            +---------+---------+-------+---------+---------+-------
